AA CENTRAL
NORTHWEST ARKANSAS NATURALS @ TULSA DRILLERS
07/28/2041
 
TOP OF THE 1ST
Northwest Arkansas Naturals batting - Pitching for Tulsa Drillers : RHP Rubén Moreno
Pitching: RHP Rubén Moreno
Batting: LHB Sonny Pouliot 0-0: Bunt missed!
0-1: Foul Ball, location: 2LF
0-2: SINGLE (Line Drive, 34, EV 94.4 MPH)
Batting: SHB Jesús Catete 0-0: Foul Ball, location: 3FF
0-1: Foul Ball, location: 2F
0-2: Grounds into double play, 4-6-3 (Groundball, 34, EV 91.3 MPH)
Batting: LHB Rod Truong 0-0: Fly out, F8 (Flyball, 8RS, EV 89.4 MPH)
Top of the 1st over - 0 runs, 1 hit, 0 errors, 0 left on base; Northwest Arkansas 0 - Tulsa 0
BOTTOM OF THE 1ST
Tulsa Drillers batting - Pitching for Northwest Arkansas Naturals : RHP Pat O'Neil
Pitching: RHP Pat O'Neil
Batting: RHB Alfredo Gutiérrez 0-0: DOUBLE (Flyball, 89D, EV 101.9 MPH)
Batting: RHB Doug Rochefort 0-0: Ball
1-0: Ball
2-0: Called Strike
2-1: Foul Ball, location: 23FF
2-2: Strikes out swinging
Batting: RHB Aodhán Drinkall 0-0: Ball
1-0: Ball
2-0: Ball
3-0: Base on Balls
Batting: RHB Ron Richardson 0-0: Ball
1-0: Called Strike
1-1: Foul Ball, location: 5FF
1-2: Ball
2-2: Foul Ball, location: 2F
2-2: Foul Ball, location: 2F
2-2: Foul Ball, location: 2F
2-2: Foul Ball, location: 2F
2-2: SINGLE (Line Drive, 78S, EV 110.6 MPH)
Alfredo Gutiérrez to third
Aodhán Drinkall to second
Runner from 3rd tries for Home, throw by CF and OUT! 8-2
Batting: RHB Tim Bi 0-0: Ball
1-0: Foul Ball, location: 3FF
1-1: Ball
2-1: Fly out, F7 (Line Drive, 78M, EV 83.8 MPH)
Bottom of the 1st over - 0 runs, 2 hits, 0 errors, 2 left on base; Northwest Arkansas 0 - Tulsa 0
TOP OF THE 2ND
Northwest Arkansas Naturals batting - Pitching for Tulsa Drillers : RHP Rubén Moreno
Batting: LHB José Sánchez 0-0: Ball
1-0: Ball
2-0: Foul Ball, location: 7LMF
2-1: SINGLE (Line Drive, 8LS, EV 90.0 MPH)
Batting: LHB Pete Barry 0-0: Ball
1-0: Ball
2-0: Ball
3-0: Called Strike
3-1: Foul Ball, location: 3F
3-2: Foul Ball, location: 3DF
3-2: Foul Ball, location: 7LDF
3-2: Grounds into double play, 4-6-3 (Groundball, 4, EV 86.3 MPH)
Batting: SHB Luis Ramírez 0-0: Ball
1-0: Ball
2-0: Fly out, F5 (Popup, 56, EV 80.6 MPH)
Top of the 2nd over - 0 runs, 1 hit, 0 errors, 0 left on base; Northwest Arkansas 0 - Tulsa 0
BOTTOM OF THE 2ND
Tulsa Drillers batting - Pitching for Northwest Arkansas Naturals : RHP Pat O'Neil
Batting: LHB José Valdéz 0-0: Ball
1-0: Fly out, F8 (Flyball, 8LM, EV 94.4 MPH)
Batting: SHB Estêvão Braves 0-0: Called Strike
0-1: Foul Ball, location: 2F
0-2: Ball
1-2: Ball
2-2: Ground out 4-3 (Groundball, 4, EV 80.6 MPH)
Batting: RHB Greg Tillett 0-0: Foul Ball, location: 2F
0-1: Ball
1-1: Fly out, F7 (Flyball, 7, EV 82.5 MPH)
Bottom of the 2nd over - 0 runs, 0 hits, 0 errors, 0 left on base; Northwest Arkansas 0 - Tulsa 0
TOP OF THE 3RD
Northwest Arkansas Naturals batting - Pitching for Tulsa Drillers : RHP Rubén Moreno
Batting: RHB Robinson Ornelas 0-0: Ball
1-0: SINGLE (Line Drive, 6D, EV 98.8 MPH)
Batting: RHB Gil Reynolds 0-0: Called Strike
Robinson Ornelas is caught stealing 2nd base 2-4
0-1: Called Strike
0-2: Ground out 5-3 (Groundball, 56, EV 99.4 MPH)
Batting: RHB Steve Thomason 0-0: Called Strike
0-1: Ground out 5-3 (Groundball, 56S, EV 83.1 MPH)
Top of the 3rd over - 0 runs, 1 hit, 0 errors, 0 left on base; Northwest Arkansas 0 - Tulsa 0
BOTTOM OF THE 3RD
Tulsa Drillers batting - Pitching for Northwest Arkansas Naturals : RHP Pat O'Neil
Batting: RHB Tadanobu Ichihara 0-0: Ball
1-0: Ball
2-0: Ground out 4-3 (Groundball, 4S, EV 90.6 MPH)
Batting: RHB Alfredo Gutiérrez 0-0: Foul Ball, location: 9LDF
0-1: Ball
1-1: Ball
2-1: Foul Ball, location: 25FF
2-2: Reached on error, E3 (Line Drive, 34, EV 67.5 MPH)
Batting: RHB Doug Rochefort 0-0: Ball
1-0: Ball
2-0: Ball
3-0: Called Strike
3-1: Base on Balls
Alfredo Gutiérrez to second
Batting: RHB Aodhán Drinkall 0-0: SINGLE (Line Drive, 6MD, EV 101.3 MPH)
Alfredo Gutiérrez to third
Doug Rochefort to second
Batting: RHB Ron Richardson 0-0: Called Strike
0-1: Grounds into fielders choice 5-2 (Groundball, 56S, EV 93.8 MPH)
Doug Rochefort to third
Aodhán Drinkall to second
Batting: RHB Tim Bi 0-0: Called Strike
0-1: Swinging Strike
0-2: Ball
1-2: Strikes out looking
Bottom of the 3rd over - 0 runs, 1 hit, 1 error, 3 left on base; Northwest Arkansas 0 - Tulsa 0
TOP OF THE 4TH
Northwest Arkansas Naturals batting - Pitching for Tulsa Drillers : RHP Rubén Moreno
Batting: LHB Sonny Pouliot 0-0: Ground out 4-3 (Groundball, 4, EV 90.0 MPH)
Batting: SHB Jesús Catete 0-0: Ball
1-0: Foul Ball, location: 23F
1-1: SINGLE (Line Drive, 3L, EV 105.0 MPH)
Batting: LHB Rod Truong 0-0: Called Strike
0-1: Foul Ball, location: 3FF
0-2: Grounds into double play, 4-6-3 (Groundball, 4, EV 92.5 MPH)
Top of the 4th over - 0 runs, 1 hit, 0 errors, 0 left on base; Northwest Arkansas 0 - Tulsa 0
BOTTOM OF THE 4TH
Tulsa Drillers batting - Pitching for Northwest Arkansas Naturals : RHP Pat O'Neil
Batting: LHB José Valdéz 0-0: Ball
1-0: Ball
2-0: Ball
3-0: Called Strike
3-1: Base on Balls
Batting: SHB Estêvão Braves 0-0: Called Strike
0-1: Foul Ball, location: 25FF
0-2: Grounds into double play, 6-4-3 (Groundball, 6, EV 101.3 MPH)
Batting: RHB Greg Tillett 0-0: Ball
1-0: Called Strike
1-1: Ball
2-1: Foul Ball, location: 2F
2-2: Ground out 4-3 (Groundball, 4MD, EV 98.8 MPH)
Bottom of the 4th over - 0 runs, 0 hits, 0 errors, 0 left on base; Northwest Arkansas 0 - Tulsa 0
TOP OF THE 5TH
Northwest Arkansas Naturals batting - Pitching for Tulsa Drillers : RHP Rubén Moreno
Batting: LHB José Sánchez 0-0: Ball
1-0: Foul Ball, location: 5FF
1-1: Ball
2-1: Ground out 4-3 (Groundball, 4MD, EV 100.0 MPH)
Batting: LHB Pete Barry 0-0: Swinging Strike
0-1: Swinging Strike
0-2: Ball
1-2: Ball
2-2: Foul Ball, location: 2F
2-2: Ball
3-2: Base on Balls
Batting: SHB Luis Ramírez 0-0: Ball
1-0: Called Strike
1-1: 2-RUN HOME RUN (Flyball, 9D, EV 95.0 MPH), Distance : 367 ft
Batting: RHB Robinson Ornelas 0-0: Ball
1-0: Ground out 5-3 (Groundball, 5L, EV 109.4 MPH)
Batting: RHB Gil Reynolds 0-0: DOUBLE (Flyball, 8LXD, EV 111.3 MPH)
Batting: RHB Steve Thomason 0-0: Fly out, F9 (Flyball, 9, EV 81.9 MPH)
Top of the 5th over - 2 runs, 2 hits, 0 errors, 1 left on base; Northwest Arkansas 2 - Tulsa 0
BOTTOM OF THE 5TH
Tulsa Drillers batting - Pitching for Northwest Arkansas Naturals : RHP Pat O'Neil
Batting: RHB Tadanobu Ichihara 0-0: Fly out, F7 (Flyball, 7S, EV 77.5 MPH)
Batting: RHB Alfredo Gutiérrez 0-0: Swinging Strike
0-1: Ball
1-1: Swinging Strike
1-2: Ball
2-2: Fly out, F6 (Line Drive, 56, EV 70.0 MPH)
Batting: RHB Doug Rochefort 0-0: Ball
1-0: Called Strike
1-1: Foul Ball, location: 5F
1-2: SINGLE (Groundball, 34D, EV 106.9 MPH)
Batting: RHB Aodhán Drinkall 0-0: Fly out, F8 (Flyball, 8RM, EV 93.8 MPH)
Bottom of the 5th over - 0 runs, 1 hit, 0 errors, 1 left on base; Northwest Arkansas 2 - Tulsa 0
TOP OF THE 6TH
Northwest Arkansas Naturals batting - Pitching for Tulsa Drillers : RHP Rubén Moreno
Batting: LHB Sonny Pouliot 0-0: Foul Ball, location: 7LMF
0-1: Ball
1-1: Ground out 6-3 (Groundball, 6, EV 110.0 MPH)
Batting: SHB Jesús Catete 0-0: Foul Ball, location: 9LSF
0-1: Ground out 4-3 (Groundball, 4MS, EV 73.1 MPH)
Batting: LHB Rod Truong 0-0: Called Strike
0-1: Swinging Strike
0-2: Ball
1-2: Ball
2-2: Ground out U3 (Groundball, 3, EV 86.9 MPH)
Top of the 6th over - 0 runs, 0 hits, 0 errors, 0 left on base; Northwest Arkansas 2 - Tulsa 0
BOTTOM OF THE 6TH
Tulsa Drillers batting - Pitching for Northwest Arkansas Naturals : RHP Pat O'Neil
Batting: RHB Ron Richardson 0-0: Called Strike
0-1: Foul Ball, location: 3F
0-2: SINGLE (Groundball, 15S, EV 60.6 MPH) (infield hit)
Pitching: RHP Jim Morgan
Batting: RHB Tim Bi 0-0: Ball
1-0: Ball
2-0: Foul Ball, location: 9LSF
2-1: Foul Ball, location: 2F
2-2: Foul Ball, location: 2F
2-2: Ball
3-2: Fly out, F8 (Flyball, 89D, EV 101.9 MPH)
Batting: LHB José Valdéz 0-0: Swinging Strike
0-1: Grounds into double play, 4-6-3 (Groundball, 4, EV 92.5 MPH)
Bottom of the 6th over - 0 runs, 1 hit, 0 errors, 0 left on base; Northwest Arkansas 2 - Tulsa 0
TOP OF THE 7TH
Northwest Arkansas Naturals batting - Pitching for Tulsa Drillers : RHP Rubén Moreno
Batting: LHB José Sánchez 0-0: Ball
1-0: Swinging Strike
1-1: Foul Ball, location: 5DF
1-2: Foul Ball, location: 7LMF
1-2: Ball
2-2: Fly out, F7 (Flyball, 78M, EV 88.8 MPH)
Batting: LHB Pete Barry 0-0: Ball
1-0: Ball
2-0: Ball
3-0: Base on Balls
Batting: SHB Luis Ramírez 0-0: Foul Ball, location: 2F
0-1: 2-RUN HOME RUN (Flyball, 7D, EV 96.3 MPH), Distance : 377 ft
Batting: RHB Robinson Ornelas 0-0: Hit by Pitch
Batting: RHB Gil Reynolds 0-0: Ball
1-0: Foul Ball, location: 7LMF
1-1: Fly out, F3 (Popup, 3SF, EV 77.5 MPH)
Batting: RHB Steve Thomason 0-0: Foul Ball, location: 9LMF
0-1: Ground out 6-3 (Groundball, 6M, EV 101.3 MPH)
Top of the 7th over - 2 runs, 1 hit, 0 errors, 1 left on base; Northwest Arkansas 4 - Tulsa 0
BOTTOM OF THE 7TH
Tulsa Drillers batting - Pitching for Northwest Arkansas Naturals : RHP Jim Morgan
Batting: SHB Estêvão Braves 0-0: Ball
1-0: Foul Ball, location: 3F
1-1: Fly out, F7 (Flyball, 7, EV 82.5 MPH)
Batting: RHB Greg Tillett 0-0: Foul Ball, location: 7LDF
0-1: Foul Ball, location: 7LMF
0-2: Ball
1-2: Ball
2-2: Ball
3-2: Foul Ball, location: 25FF
3-2: Foul Ball, location: 5FF
3-2: Fly out, F5 (Line Drive, 5, EV 69.4 MPH)
Batting: RHB Tadanobu Ichihara 0-0: Hit by Pitch
Batting: RHB Alfredo Gutiérrez 0-0: Ball
1-0: DOUBLE (Flyball, 78D, EV 101.3 MPH)
Tadanobu Ichihara to third
Batting: RHB Doug Rochefort 0-0: SINGLE (Groundball, 34D, EV 99.4 MPH)
Tadanobu Ichihara scores
Alfredo Gutiérrez to third
Runner from 3rd tries for Home, SAFE, throw by RF to home
Batting: RHB Aodhán Drinkall 0-0: Ground out 5-3 (Groundball, 5S, EV 86.9 MPH)
Bottom of the 7th over - 2 runs, 2 hits, 0 errors, 1 left on base; Northwest Arkansas 4 - Tulsa 2
TOP OF THE 8TH
Northwest Arkansas Naturals batting - Pitching for Tulsa Drillers : RHP Rubén Moreno
Batting: LHB Sonny Pouliot 0-0: Ball
1-0: Ball
2-0: Ball
3-0: Ground out 4-3 (Groundball, 4, EV 77.5 MPH)
Batting: SHB Jesús Catete 0-0: Called Strike
0-1: Foul Ball, location: 7LDF
0-2: Foul Ball, location: 2F
0-2: Ground out U3 (Groundball, 34, EV 100.6 MPH)
Batting: LHB Rod Truong 0-0: Foul Ball, location: 2F
0-1: Swinging Strike
0-2: Foul Ball, location: 3FF
0-2: Ball
1-2: Ball
2-2: Ball
3-2: Foul Ball, location: 2LF
3-2: Ground out 4-3 (Groundball, 4, EV 86.3 MPH)
Top of the 8th over - 0 runs, 0 hits, 0 errors, 0 left on base; Northwest Arkansas 4 - Tulsa 2
BOTTOM OF THE 8TH
Tulsa Drillers batting - Pitching for Northwest Arkansas Naturals : RHP Jim Morgan
Batting: RHB Ron Richardson 0-0: Foul Ball, location: 2LF
0-1: Swinging Strike
0-2: Hit by Pitch
Pinch Hitting: LHB Gene Owen 0-0: Called Strike
0-1: Foul Ball, location: 2F
0-2: Strikes out swinging
Batting: LHB José Valdéz 0-0: Foul Ball, location: 2F
0-1: SINGLE (Line Drive, 34D, EV 98.8 MPH)
Ron Richardson to second
Runner from 2nd tries for 3rd, OUT! 9-5
Batting: SHB Estêvão Braves 0-0: Ground out 4-3 (Groundball, 34, EV 85.0 MPH)
Bottom of the 8th over - 0 runs, 1 hit, 0 errors, 1 left on base; Northwest Arkansas 4 - Tulsa 2
TOP OF THE 9TH
Northwest Arkansas Naturals batting - Pitching for Tulsa Drillers : RHP Rubén Moreno
Pitching: LHP Lache Geoana
Now in LF: Ron Richardson
Now in CF: Mike Snelling
Batting: LHB José Sánchez 0-0: DOUBLE (Line Drive, 7LS, EV 100.6 MPH)
Batting: LHB Pete Barry 0-0: Ball
1-0: Ball
2-0: Swinging Strike
2-1: Ball
José Sánchez steals 3rd base
3-1: Foul Ball, location: 2F
3-2: Base on Balls
Pitching: RHP Bob Wright
Batting: SHB Luis Ramírez 0-0: Called Strike
0-1: Ball
1-1: Ball
2-1: Ball
3-1: Swinging Strike
3-2: Base on Balls
Pete Barry to second
Batting: RHB Robinson Ornelas 0-0: Ball
1-0: Swinging Strike
1-1: Ball
2-1: Foul Ball, location: 2F
2-2: Ball
3-2: DOUBLE (Flyball, 78D, EV 96.3 MPH)
José Sánchez scores
Pete Barry scores
Luis Ramírez to third
Batting: RHB Gil Reynolds 0-0: Swinging Strike
0-1: Ball
1-1: Fly out, F7 (Flyball, 7, EV 92.5 MPH)
Runner from 3rd tags up, SCORES, throw by LF
Robinson Ornelas to third
Batting: RHB Steve Thomason 0-0: Foul Ball, location: 2RF
0-1: Ball
1-1: Ball
2-1: Swinging Strike
2-2: Strikes out swinging
Batting: LHB Sonny Pouliot 0-0: Called Strike
0-1: Swinging Strike
0-2: Ball
1-2: Ground out 5-3 (Groundball, 56S, EV 91.3 MPH)
Top of the 9th over - 3 runs, 2 hits, 0 errors, 1 left on base; Northwest Arkansas 7 - Tulsa 2
BOTTOM OF THE 9TH
Tulsa Drillers batting - Pitching for Northwest Arkansas Naturals : RHP Jim Morgan
Batting: RHB Greg Tillett 0-0: Ball
1-0: SINGLE (Line Drive, 34D, EV 103.1 MPH)
Batting: RHB Tadanobu Ichihara 0-0: Ball
1-0: Foul Ball, location: 9LSF
1-1: Grounds into double play, 3-6-3 (Groundball, 3, EV 101.3 MPH)
Batting: RHB Alfredo Gutiérrez 0-0: Fly out, F9 (Flyball, 9S, EV 90.6 MPH)
Bottom of the 9th over - 0 runs, 1 hit, 0 errors, 0 left on base; Northwest Arkansas 7 - Tulsa 2
Monday, April 1st , 2024 - OOTP Baseball 24.10 Build 82